 Dungeon Crawl Stone Soup version 0.28-a0-43-g560ac104fe (webtiles) character file.

Game seed: 15021900521508649079

12401 MacCMillion the Cleaver (level 11, -2/95 HPs)
             Began as a Minotaur Fighter on July 28, 2021.
             Was a Priest of Makhleb.
             Shot with an arrow by a centaur (9 damage)
             ... on level 2 of the Orcish Mines.
             The game lasted 00:47:21 (14812 turns).

MacCMillion the Cleaver (Minotaur Fighter)         Turns: 14812, Time: 00:47:22

Health: -2/95      AC: 23    Str: 24    XL:     11   Next: 62%
Magic:  13/13      EV:  8    Int:  5    God:    Makhleb [***...]
Gold:   489        SH: 13    Dex: 10    Spells: 10/10 levels left

rFire   . . .      SeeInvis .   H - +0 war axe (vorpal)
rCold   + . .      Faith    .   c - +0 kite shield
rNeg    . . .      Spirit   .   N - +12 chain mail of the Catamount {Stlth+}
rPois   .          Reflect  .   (helmet restricted)
rElec   .          Harm     .   h - scarf {shadows}
rCorr   .          Rampage  .   (no gloves)
Will    +....                   (no boots)
Stlth   ..........              (no amulet)
HPRegen 0.25/turn               m - ring of willpower
MPRegen 0.13/turn               t - ring of protection from cold

@: hasted, very quick
A: horns 2, retaliatory headbutt
a: Renounce Religion, Minor Destruction, Lesser Servant of Makhleb


You were on level 2 of the Orcish Mines.
You worshipped Makhleb.
Makhleb was most pleased with you.
You visited 2 branches of the dungeon, and saw 12 of its levels.
You also visited: Sewer.

You collected 489 gold pieces.

Inventory:

Hand Weapons
 a - a +0 war axe
 n - a +0 hand axe
 H - a +0 vorpal war axe (weapon)
 P - a +4 scimitar
Missiles
 E - a throwing net (quivered)
Armour
 c - a +0 kite shield (worn)
 e - a +1 leather armour of cold resistance
 h - a scarf of shadows (worn)
 r - a +0 cloak
 x - a +0 tower shield
 N - the +12 chain mail of the Catamount (worn) {Stlth+}
   (You found it on level 8 of the Dungeon)

   Stlth:     It makes you more stealthy.
Jewellery
 m - a ring of willpower (left hand)
 s - a ring of resist corrosion
 t - a ring of protection from cold (right hand)
 A - an amulet of faith
 Q - a ring of wizardry
Wands
 b - a wand of polymorph (17)
 d - a wand of iceblast (9)
 i - a wand of flame (52)
 v - a wand of paralysis (12)
 I - a wand of acid (8)
 K - a wand of charming (10)
 M - a wand of mindburst (6)
Scrolls
 f - 2 scrolls of identify
 j - a scroll of torment
 k - 3 scrolls of teleportation
 l - 3 scrolls of fog {unknown}
 p - 3 scrolls of enchant armour {unknown}
 y - a scroll of amnesia {unknown}
 z - a scroll of noise {unknown}
 G - a scroll of immolation
 L - a scroll of magic mapping {unknown}
Potions
 g - 2 potions of berserk rage
 o - a potion of cancellation
 q - a potion of attraction {unknown}
 u - 3 potions of flight
 w - a potion of haste
 B - a potion of heal wounds
 C - a potion of magic
 D - 2 potions of mutation
 F - a potion of invisibility {unknown}
 J - 2 potions of brilliance {unknown}
 O - a potion of lignification {unknown}


   Skills:
 - Level 8.7 Fighting
 * Level 13.2 Axes
 + Level 9.8 Armour
 + Level 12.1 Shields
 - Level 5.0 Invocations


You had 10 spell levels left.
You didn't know any spells.
Your spell library contained the following spells:

 Spells                   Type           Power      Damage    Failure   Level
 Slow                     Hex            0%         N/A       99%         2
 Sublimation of Blood     Necr           0%         N/A       99%         2
 Call Canine Familiar     Summ           0%         N/A       100%        3
 Confusing Touch          Hex            0%         N/A       100%        3
 Dazzling Flash           Conj/Hex       0%         N/A       100%        3
 Portal Projectile        Hex/Tloc       0%         N/A       100%        3
 Tukima's Dance           Hex            0%         N/A       100%        3
 Vampiric Draining        Necr           0%         2d6       100%        3
 Iskenderun's Mystic Bla  Conj/Tloc      0%         2d3       100%        4
 Leda's Liquefaction      Hex/Erth       0%         N/A       100%        4
 Passage of Golubria      Tloc           N/A        N/A       100%        4
 Petrify                  Tmut/Erth      0%         N/A       100%        4
 Irradiate                Conj/Tmut      0%         3d14      100%        5
 Metabolic Englaciation   Hex/Ice        0%         N/A       100%        5
 Yara's Violent Unravell  Hex/Tmut       0%         3d3       100%        5
 Starburst                Conj/Fire      0%         8x6d3     100%        6
 Statue Form              Tmut/Erth      0%         N/A       100%        6


Dungeon Overview and Level Annotations

Branches:
Dungeon (10/15)            Temple (0/1) D:7            Lair (0/6) D:9
    Orc (2/2) D:10          Sewer (visited)
    Elf: Orc:2

Altars:
Uskayaw

Shops:
D:10 (

Annotations:
D:3 Edmund
D:8 3 exclusions
D:9 1 exclusion


Innate Abilities, Weirdness & Mutations

You have a pair of horns on your head.
You reflexively headbutt those who attack you in melee.


Message History

The orc warrior unwields a +0 arbalest.
The orc warrior wields a +0 broad axe.
The orc warrior hits you with a +0 broad axe!
You block the centaur's attack.
The centaur kicks you but does no damage.
You slash the orc warrior!
The orc warrior is severely wounded.
You hit the orc warrior. You completely miss the orc warrior.
You hit the centaur.
The centaur hits you but does no damage.
The centaur barely misses you. The orc warrior barely misses you.
You furiously retaliate!
You headbutt the orc warrior. You hit the orc warrior.
The orc warrior is almost dead.
You hit the centaur. You barely miss the orc warrior.
You slash the orc warrior!
The orc warrior hits you with a +0 battleaxe!
The orc warrior hits you with a +0 broad axe!!
* * * LOW HITPOINT WARNING * * *
The centaur hits you but does no damage.
The centaur kicks you but does no damage.
You block the orc warrior's attack.
The centaur wields a +0 shortbow.
The centaur shoots an arrow.
The arrow hits you.
* * * LOW HITPOINT WARNING * * *
The orc warrior unwields a +0 battleaxe.
The orc warrior wields a +0 arbalest.
The orc warrior shoots a bolt.
You block the bolt.
The orc warrior unwields a +0 broad axe.
The orc warrior wields a +0 arbalest.
The orc warrior shoots a bolt.
You block the bolt.
You hear a shout!
The orc warrior unwields a +0 broad axe.
The orc warrior wields a +0 arbalest.
The orc warrior shoots a bolt.
The bolt hits you!
* * * LOW HITPOINT WARNING * * *
The orc warrior shoots a bolt.
The bolt barely misses you.
The centaur shoots an arrow.
You block the arrow.
You hear a shout!
There is a stone staircase leading up here.
The centaur shoots an arrow.
The arrow hits you!
You die...

≈≈≈≈.....#..#
≈≈≈......#..#
≈...........#####
.........#....#.#
........##.......
#..##)o##.....#..
......ooo........
......c.......##.
.....).c..@......
.....)...........
.$..$............
...#..........##.
........#.......
#....#.#.........
........#........
.....$.. . ..


You could see 4 orc warriors and 2 centaurs.

Vanquished Creatures
  Harold (D:10)
  A two-headed ogre (D:9)
  Pikel (D:4)
  6 centaur zombies
  Maggie (D:8)
  A komodo dragon (D:9)
  3 trolls
  2 hornets (D:9)
  Grinder (D:6)
  A spriggan (shapeshifter) (D:9)
  A wyvern (D:9)
  Eustachio (D:8)
  11 yaks
  4 vampire mosquitoes (D:10)
  3 steam dragons
  An acid dragon (D:9)
  4 water moccasins
  A black bear (D:5)
  4 sky beasts
  4 ice beasts
  3 ogres
  14 orc warriors
  A necrophage (D:4)
  4 centaurs
  4 kobold brigands
  A phantom (D:4)
  Blork the orc (D:5)
  A gnoll sergeant (D:9)
  A wyvern zombie (D:7)
  A bullfrog (D:7)
  2 scorpions
  A killer bee (D:9)
  5 wights (D:10)
  2 howler monkeys (D:9)
  A quasit (Sewer)
  5 hounds
  4 orc priests
  2 centaur skeletons
  5 iguanas
  Ijyb (D:5)
  8 orc wizards
  3 killer bee zombies
  A hound skeleton (D:5)
  Robin (D:2)
  A howler monkey skeleton (D:6)
  9 adders
  3 gnolls (D:3)
  6 shadow imps
  An ufetubus (Sewer)
  An adder skeleton (D:4)
  3 worms
  4 dart slugs
  38 orcs
  A bat zombie (Sewer)
  11 endoplasms
  9 giant cockroaches
  11 hobgoblins
  7 jackals
  6 quokkas
  7 ball pythons
  5 bats
  3 frilled lizards
  13 goblins
  29 kobolds
  2 kobold zombies (Sewer)
  6 rats
300 creatures vanquished.

Vanquished Creatures (others)
  An unseen horror (D:9)
  2 centaur zombies (D:9)
  34 plants (D:9)
37 creatures vanquished.

Grand Total: 337 creatures vanquished

Notes
Turn   | Place    | Note
-------+----------+-------------------------------------------
     0 | D:1      | MacCMillion the Minotaur Fighter began the quest for the
                  | Orb.
     0 | D:1      | Reached XP level 1. HP: 19/19 MP: 0/0
   361 | D:1      | Reached XP level 2. HP: 27/27 MP: 1/1
   745 | D:2      | Reached skill level 3 in Axes
   763 | D:2      | Noticed Robin
   775 | D:2      | Reached XP level 3. HP: 31/33 MP: 2/2
   792 | D:2      | Killed Robin
  1013 | D:2      | Reached XP level 4. HP: 24/40 MP: 3/3
  1308 | D:2      | Found a faded altar of an unknown god.
  1416 | D:2      | Reached skill level 4 in Axes
  1431 | D:2      | You fall into a shaft and drop 1 floor!
  1758 | D:3      | Reached XP level 5. HP: 37/47 MP: 4/4
  2628 | D:3      | Reached skill level 5 in Axes
  2927 | D:3      | Reached skill level 5 in Fighting
  3085 | D:3      | Found a hide-covered altar of Uskayaw.
  3363 | D:4      | Reached skill level 5 in Shields
  3376 | D:4      | Reached XP level 6. HP: 43/56 MP: 5/5
  3548 | D:4      | Reached skill level 6 in Axes
  3978 | D:4      | Noticed Edmund
  4234 | D:4      | Noticed a water moccasin
  4237 | D:4      | Killed a water moccasin
  4238 | D:4      | Reached XP level 7. HP: 50/61 MP: 6/6
  5266 | D:5      | Entered Level 5 of the Dungeon
  5278 | D:5      | Noticed Pikel
  5747 | D:4      | Killed Pikel
  5748 | D:4      | Reached skill level 7 in Axes
  5748 | D:4      | Reached XP level 8. HP: 6/68 MP: 7/7
  6082 | D:5      | Noticed Ijyb
  6096 | D:5      | Killed Ijyb
  6254 | D:5      | Reached skill level 8 in Axes
  6307 | D:5      | Noticed Blork the orc
  6316 | D:5      | Killed Blork the orc
  6835 | D:5      | Reached skill level 5 in Armour
  7371 | D:6      | Noticed Grinder
  7384 | D:6      | Killed Grinder
  7385 | D:6      | Reached XP level 9. HP: 56/78 MP: 8/8
  7491 | D:6      | Found a glowing drain.
  7521 | D:6      | Reached skill level 9 in Axes
  7526 | Sewer    | Entered a sewer
  7671 | Sewer    | Found a burning altar of Makhleb.
  7686 | Sewer    | Became a worshipper of Makhleb the Destroyer
  7743 | Sewer    | Reached skill level 10 in Shields
  8144 | D:6      | Reached * piety under Makhleb
  8770 | D:7      | Reached skill level 10 in Axes
  9088 | D:7      | Reached XP level 10. HP: 76/88 MP: 9/9
  9094 | D:7      | Reached ** piety under Makhleb
  9189 | D:7      | Found a staircase to the Ecumenical Temple.
  9507 | D:8      | Noticed Eustachio
  9540 | D:8      | Killed Eustachio
 10459 | D:8      | Reached skill level 11 in Axes
 10708 | D:8      | Noticed Maggie
 10717 | D:8      | Killed Maggie
 10790 | D:8      | Noticed a two-headed ogre
 11469 | D:8      | Identified the +12 chain mail of the Catamount {Stlth+}
 12060 | D:9      | Noticed a two-headed ogre
 12162 | D:9      | Killed a two-headed ogre
 12163 | D:9      | Reached skill level 5 in Invocations
 12485 | D:9      | Reached XP level 11. HP: 87/95 MP: 13/13
 12509 | D:9      | Reached skill level 12 in Axes
 12957 | D:9      | Found a staircase to the Lair.
 13049 | D:10     | Entered Level 10 of the Dungeon
 13049 | D:10     | Found a staircase to the Orcish Mines.
 13281 | D:10     | Found Nusux's Antique Weapon Shoppe.
 13373 | D:10     | Noticed Harold
 13439 | D:10     | Killed Harold
 13615 | D:10     | Reached *** piety under Makhleb
 13954 | D:10     | Noticed a catoblepas
 13980 | Orc:1    | Entered Level 1 of the Orcish Mines
 14259 | Orc:1    | Reached skill level 13 in Axes
 14778 | Orc:2    | Entered Level 2 of the Orcish Mines
 14799 | Orc:2    | Noticed an orc knight
 14812 | Orc:2    | Shot with an arrow by a centaur

Illustrated notes

Levels and vault maps discovered:
D:1:      lemuel_arrival_river_bridge, layout_loops_ring, minmay_door_square
D:2:      layout_loops_ring, dreamdust_ecumenical_altar_statues,
          minmay_misc_feat_doors, uniq_robin
D:3:      kennysheep_big_flooded_room, layout_basic, nicolae_uskayaw_dance_hall
D:4:      minmay_skewed_foursquare, layout_gridville, uniq_edmund
D:5:      layout_loops_ring, uniq_blork_the_orc, uniq_ijyb, uniq_pikel
D:6:      layout_loops_ring, cheibrodos_sewer_entry_drain, uniq_grinder
D:7:      layout_gridville, minmay_temple_entry_crystal_x, st_stairs_9
D:8:      layout_loops_ring, sword_in_stone, uniq_maggie
D:9:      nzn_winding_woodlands_small [nzn_winding_woodlands_5x15_crooked,
          nzn_winding_woodlands_center_garden,
          nzn_winding_woodlands_5x15_parted], layout_rooms, david_lair_shrubbed
D:10:     cheibrodos_barr_body, layout_cave_pods, orc_0_dummy, serial_shops,
          shop, chequers_serial_rivers_micro_e, uniq_harold
Orc:1:    layout_caves
Orc:2:    st_orc_rangers, layout_caves, serial_shops, shop,
          hangedman_minor_magic

Skill      XL: |  1  2  3  4  5  6  7  8  9 10 11 |
---------------+----------------------------------+-----
Axes           | 3 4 5 6 7 8 10 11 13 | 13.2
Fighting       | 4 5 6 8 |  8.7
Armour         | 4 5 7 8 9 |  9.8
Shields        | 4 5 6 8 9 10 11 12 | 12.1
Invocations    | 5 |  5.0

Action                   |  1- 3 |  4- 6 |  7- 9 | 10-12 || total
-------------------------+-------+-------+-------+-------++-------
Melee: War axe           |    66 |   107 |   273 |   346 ||   792
       Headbutt          |     8 |    22 |    62 |    68 ||   160
       Hand axe          |       |    19 |    90 |       ||   109
Invok: Minor Destruction |       |       |       |     1 ||     1
       Lesser Servant of |       |       |       |     1 ||     1
  Use: Potion            |       |     1 |       |     5 ||     6
       Scroll            |       |       |     8 |     5 ||    13
Armor: Scale mail        |    39 |    43 |       |       ||    82
       Chain mail        |       |     3 |   182 |   155 ||   340
       Plate armour      |       |       |       |    15 ||    15
Dodge: Dodged            |    30 |    48 |    79 |    92 ||   249
Block: Kite shield       |     1 |    19 |   217 |   233 ||   470

Table legend: (Time is in decaauts)
 A = Elapsed time spent in this place.
 B = Non-inter-level travel time spent in this place.
 C = Inter-level travel time spent in this place.
 D = Time resting spent in this place.
 E = Time spent auto-exploring this place.
 F = Levels seen in this place.
 G = Mean time per level.
                   A        B        C        D        E       F      G
               +--------+--------+--------+--------+--------+-----+--------+
         Total |  14940 |  14563 |    377 |   3866 |   7630 |  13 | 1149.2 |
       Dungeon |  13717 |  13340 |    377 |   3364 |   7279 |  10 | 1371.7 |
  Orcish Mines |    821 |    821 |      0 |    502 |    141 |   2 |  410.5 |
         Sewer |    402 |    402 |      0 |      0 |    209 |   1 |  402.0 |
               +--------+--------+--------+--------+--------+-----+--------+

Top non-repeatable levels by time:
     D:4: 2494 daAuts
     D:7: 1845 daAuts
     D:3: 1792 daAuts
     D:8: 1466 daAuts
     D:5: 1357 daAuts
     D:2: 1063 daAuts
     D:6: 1013 daAuts
     D:9: 1010 daAuts
    D:10: 926 daAuts
   Orc:1: 793 daAuts
     D:1: 746 daAuts
   Sewer: 402 daAuts
   Orc:2: 27 daAuts
